Map: Dash and Terminal LE (Void)

Players

SticklerMac

  • Race: Zerg Zerg
  • League: Silver

Gamelot - Winner!

  • Race: Terran Terran
  • League: Silver

VOD

Have the link to the VOD?

Description

Time

  • Played on: Sept. 27, 2015, 10:47 a.m.
  • Length: 12:33
Show
View Real Time Build Order
Export as new Build Order

SticklerMac Zerg 

Build Orders: Hatch First 

Get SALT Encoding   

  12  0:01  Drone  
  13  0:13  Overlord  
  13  0:18  Drone  
  14  0:31  Drone  
  14  0:32  Drone  
  14  0:35  Drone  
  17  0:56  Hatchery  
  16  1:01  Drone x2  
  16  1:04  Extractor  
  17  1:17  Spawning Pool  
  16  1:21  Drone  
  17  1:26  Drone  
  17  1:29  Drone  
  19  1:40  Drone  
  20  1:50  Overlord  
  20  2:05  Metabolic Boost  
  20  2:07  Queen  
  22  2:09  Queen  
  22  2:11  Drone  
  25  2:17  Drone  
  26  2:23  Drone  
  26  2:24  Drone  
  28  2:30  Drone  
  25  3:02  Drone x5  
  25  3:05  Zergling x2  
  31  3:13  Drone  
  31  3:15  Zergling x2  
  31  3:19  Lair  
  33  3:25  Zergling x4  
  35  3:38  Zergling x2  
  35  3:40  Overlord x3  
  33  4:15  Zergling x6  
  33  4:16  Zergling x6  
  39  4:37  Drone x14  
  53  4:38  Spire  
  53  4:43  Extractor  
  51  4:46  Extractor  
  51  4:48  Queen  
  51  4:49  Extractor  
  51  4:51  Hatchery  
  50  4:59  Drone x4  
  55  5:00  Drone  
  55  5:06  Queen  
  57  5:07  Drone  
  58  5:22  Drone  
  58  5:23  Drone  
  58  5:25  Overlord x3  
  58  5:26  Overlord  
  59  5:55  Mutalisk x6  
  71  5:57  Mutalisk  
  71  6:04  Queen x2  
  73  6:06  Queen  
  74  6:28  Mutalisk x3  
  74  6:32  Zergling x16  
  88  6:37  Mutalisk  
  85  7:00  Mutalisk x2  
  89  7:03  Mutalisk  
  89  7:06  Zergling x2  
  89  7:07  Zergling x12  
  98  7:10  Overlord x3  
  98  7:21  Overseer  
  98  7:24  Overseer  
  98  7:26  Pneumatized Carapace  
  80  7:53  Mutalisk x3  
  80  7:56  Zergling x2  
  80  7:57  Zergling x20  
  80  7:58  Zergling x10  
  102  8:03  Zergling x2  
  102  8:04  Zergling x4  
  79  8:27  Mutalisk x3  
  79  8:28  Mutalisk  
  66  8:59  Baneling Nest  
  62  9:12  Zergling x2  
  62  9:13  Zergling x36  
  62  9:14  Zergling x14  
  88  9:28  Drone x7  
  95  9:45  Zergling x8  
  96  9:46  Zergling x10  
  96  9:49  Baneling x4  
  96  9:51  Baneling x2  
  104  9:52  Baneling  
  104  9:53  Baneling  
  104  10:02  Centrifical Hooks  
  104  10:04  Mutalisk  
  106  10:07  Baneling  
  106  10:08  Baneling x7  
  106  10:09  Baneling  
  106  10:10  Baneling  
  106  10:21  Baneling  
  106  10:22  Baneling x14  
  106  10:23  Baneling  
  106  10:24  Baneling  
  106  10:25  Baneling  
  106  10:26  Baneling  
  106  10:27  Baneling  
  106  10:28  Baneling x2  
  106  10:29  Baneling  
  106  10:30  Baneling  
  106  10:37  Overseer  
  106  10:43  Zergling x2  
  106  10:44  Zergling x14  
  114  11:05  Evolution Chamber  
  114  11:08  Evolution Chamber  
  66  11:30  Zergling x18  
  66  11:31  Zergling x36  
  66  11:32  Zergling x2  
  85  11:41  Zergling x8  
  85  11:42  Zergling x4  
  85  11:45  Zergling x4  
  85  11:46  Zergling x2  
  94  11:48  Zergling x2  
  94  11:50  Zergling x2  
  96  12:02  Zergling x2  
  96  12:03  Zergling x12  
Show
View Real Time Build Order
Export as new Build Order

Gamelot Terran - Winner!

Build Orders: Reaper Expand, Hellion Banshee, MMM Bio 

Get SALT Encoding   

  12  0:01  SCV  
  13  0:13  SCV  
  14  0:17  Supply Depot  
  14  0:25  SCV  
  15  0:39  SCV  
  15  0:40  Barracks  
  16  0:45  Refinery  
  16  0:51  SCV  
  17  1:03  SCV  
  18  1:15  SCV  
  19  1:28  Orbital Command  
  19  1:30  Reaper  
  20  1:41  Command Center  
  20  1:50  Supply Depot  
  20  1:55  SCV  
  21  2:02  Barracks Reactor  
  21  2:07  SCV  
  22  2:19  SCV  
  23  2:26  Factory  
  23  2:33  SCV  
  24  2:41  Marine x2  
  26  2:45  SCV  
  26  3:02  Orbital Command  
  26  3:03  Bunker  
  26  3:07  SCV  
  26  3:08  Refinery  
  27  3:17  Starport  
  27  3:19  SCV  
  28  3:27  Hellion x2  
  33  3:28  SCV  
  33  3:31  SCV, Barracks Tech Lab  
  34  3:40  SCV  
  35  3:41  Supply Depot  
  35  3:43  SCV  
  36  3:51  Hellion, Marine  
  36  3:52  SCV, Stimpack  
  36  3:55  SCV  
  41  4:04  SCV  
  41  4:07  SCV  
  43  4:13  Marine  
  43  4:14  Hellion x2  
  48  4:21  SCV x2  
  48  4:24  Refinery, Starport Tech Lab  
  50  4:31  Marine  
  50  4:33  SCV x2  
  50  4:34  Supply Depot  
  53  4:39  Supply Depot  
  53  4:45  SCV  
  54  4:52  Marine  
  54  4:53  SCV, Hellion x2  
  54  4:54  Refinery  
  54  4:55  Banshee, Cloaking Field  
  54  4:58  SCV  
  64  5:02  Supply Depot  
  64  5:05  SCV  
  65  5:09  Barracks  
  65  5:10  SCV  
  65  5:11  Barracks  
  65  5:13  Marine  
  67  5:14  Hellion x2  
  67  5:17  SCV  
  72  5:22  SCV  
  72  5:26  Supply Depot  
  73  5:31  Marine  
  73  5:35  SCV x2  
  76  5:36  Hellion x2  
  76  5:38  Command Center, Banshee  
  83  5:48  Marine  
  84  5:56  Armory  
  84  6:02  Barracks Reactor, Barracks Tech Lab  
  84  6:06  Marine  
  84  6:08  Engineering Bay  
  84  6:10  Supply Depot  
  85  6:20  Combat Shields  
  85  6:21  Banshee  
  85  6:22  Concussive Shells  
  85  6:24  Marine  
  87  6:31  Widow Mine x2  
  89  6:35  Engineering Bay  
  89  6:40  Missile Turret  
  89  6:42  Marine  
  85  6:54  Orbital Command  
  85  6:59  Barracks  
  85  7:00  Marine  
  85  7:01  Marine x3  
  88  7:02  Barracks  
  88  7:03  Terran Infantry Weapons Level 1  
  88  7:04  Missile Turret  
  88  7:06  Terran Infantry Armor Level 1  
  89  7:17  Marine  
  89  7:18  SCV x2, Marine  
  89  7:19  Barracks, Marine  
  89  7:20  Marine  
  89  7:21  Starport Reactor  
  89  7:22  Widow Mine  
  97  7:30  SCV  
  97  7:35  Marine  
  97  7:36  Marine x2  
  86  7:38  Marine  
  75  7:47  SCV x2  
  77  7:53  Marine  
  77  7:54  Barracks Tech Lab  
  77  7:58  Orbital Command, Widow Mine  
  78  7:59  SCV  
  78  8:01  Medivac x2  
  87  8:05  Marauder  
  87  8:06  Marine  
  87  8:11  Barracks Tech Lab, Marauder  
  90  8:15  Marine x2  
  90  8:16  Marine  
  93  8:24  Marine  
  93  8:26  Marine  
  88  8:31  Medivac x2  
  88  8:32  SCV x3, Marine  
  88  8:33  Marine x2  
  88  8:34  Marine  
  99  8:36  Missile Turret  
  88  8:42  Marine  
  88  8:44  Marine  
  84  8:50  Marine x2  
  84  8:52  Marine x2  
  83  8:59  Marine  
  82  9:03  SCV x3  
  82  9:06  Marine  
  82  9:07  Medivac  
  82  9:08  Marine x2, Medivac  
  92  9:15  SCV x3  
  95  9:18  Terran Infantry Armor Level 2  
  95  9:19  Terran Infantry Weapons Level 2  
  95  9:20  Marauder, Marine  
  95  9:21  Marauder  
  95  9:22  Widow Mine x2  
  104  9:24  Marine  
  104  9:26  Marine  
  104  9:27  SCV x2  
  104  9:28  Terran Vehicle Weapons Level 1  
  104  9:29  SCV  
  104  9:30  Refinery  
  104  9:31  Refinery  
  109  9:35  Command Center, Marine  
  109  9:37  Factory, Medivac  
  109  9:38  Marine, Medivac  
  114  9:39  SCV x2  
  114  9:45  Supply Depot  
  117  9:46  Supply Depot  
  117  9:49  Supply Depot, Marine x2  
  117  9:50  SCV, Marauder x2  
  117  9:51  SCV, Widow Mine x2  
  129  10:02  Marine x2  
  131  10:08  Marauder x2  
  131  10:11  SCV x2, Marine  
  131  10:12  Marauder  
  140  10:19  Medivac  
  140  10:20  Marine x2, Widow Mine x2, Medivac  
  150  10:29  Marauder x3  
  150  10:33  Marine  
  157  10:37  Marine x2  
  159  10:49  Factory Tech Lab, Medivac x2  
  161  10:50  Marine x3  
  161  10:51  Marine  
  161  10:53  Orbital Command  
  161  10:55  Marine x2  
  169  11:08  Marauder x3  
  169  11:09  Marauder  
  173  11:13  Marine x2  
  164  11:19  Medivac x2  
  141  11:27  Thor  
  141  11:29  Marine  
  141  11:30  Marine, Marauder x2  
  141  11:31  Marine x2  
  155  11:47  Marine, Widow Mine, Orbital Command  
  155  11:48  Marine, Widow Mine  
  155  11:49  Medivac x2, Marine x2  
  155  11:50  Marine  
  155  11:51  Marauder  
  170  12:05  Marauder  
  180  12:32  Supply Depot  
  180  12:33  Supply Depot  
Tags
 
Add a new tag
Caveats
  • Supply blocks, unpowered buildings, or Contaminate may cause inaccurate times.
  • Supply counts are checked every 10 seconds.